AoeStats
← Legendario

African Clearing

510601211Analyzed
4v4 RM · 1d ago on Oct 1, 2026· 50m 44s· 8 players
Game mode
Random Map
Map size
Large (8 player)
Population
200
Speed
Normal
Resources
Standard
Victory
Conquest
Starting age
Dark Age
Ending age
Imperial Age
RankedLock teamsTeams togetherTeam positionsShared explorationLock speedFull tech treeHidden civsTurbo modeCheats
Victory
Defeat
🇵🇹 Malay · Portugal
1349
+5
🇺🇸 Gurjaras · United States
1091
+12
🇲🇿 Teutons · Mozambique
1027
+14
🇲🇿 Cumans · Mozambique
877
+20
🇪🇸 Berbers · Spain
1041
-14
🇲🇽 Bengalis · Mexico
1013
-13
🇹🇷 Saracens · Türkiye
998
-12
🇮🇪 Persians · Ireland
985
-12
Mjbretado
12:02 Loom
15:20 Feudal Age
20:51 Stone Mining
23:51 Castle Age
23:00 Fletching
24:31 Scale Barding Armor
25:32 Husbandry
26:22 Town Watch
31:31 Light Cavalry
34:55 Gold Mining
37:08 Double-Bit Axe
38:29 Gold Shaft Mining
39:32 Wheelbarrow
42:06 Bodkin Arrow
Legendario
5:12 Loom
16:51 Feudal Age
21:48 Castle Age
20:04 Fletching
27:56 Double-Bit Axe
34:10 Bloodlines
35:13 Husbandry
37:47 Wheelbarrow
38:08 Ballistics
38:13 Scale Barding Armor
Alpha Robeeert
15:24 Feudal Age
15:48 Double-Bit Axe
16:00 Gold Mining
17:24 Wheelbarrow
17:30 Horse Collar
18:03 Town Watch
18:57 Stone Mining
20:24 Scale Barding Armor
23:58 Castle Age
22:54 Forging
23:57 Bloodlines
26:27 Bow Saw
26:23 Heavy Plow
26:29 Husbandry
30:53 Hand Cart
43:23 Imperial Age
44:03 Cavalier
46:01 Murder Holes
47:08 Chemistry
46:19 Masonry
47:01 Ballistics
47:10 Citadels
46:31 Savar
47:52 Chain Barding Armor
DOLAREX
7:16 Loom
13:55 Feudal Age
14:19 Horse Collar
14:33 Double-Bit Axe
16:47 Man-at-Arms
20:02 Forging
19:55 Scale Mail Armor
26:43 Castle Age
25:36 Fletching
26:59 Pikeman
27:38 Bodkin Arrow
27:32 Elite Skirmisher
42:53 Padded Archer Armor
Rob88Silva
6:12 Loom
13:42 Feudal Age
18:41 Double-Bit Axe
21:08 Fletching
26:10 Castle Age
25:37 Horse Collar
27:04 Bodkin Arrow
26:31 Crossbowman
27:23 Bow Saw
47:52 Heavy Plow
48:33 Wheelbarrow
51:49 Imperial Age
50:41 Gold Mining
50:41 Stone Mining
51:14 Forging
Ociru3
5:36 Loom
14:09 Feudal Age
14:53 Feudal Age
17:57 Bloodlines
18:25 Forging
20:41 Castle Age
18:29 Double-Bit Axe
18:25 Horse Collar
19:31 Gold Mining
19:51 Scale Barding Armor
20:51 Bloodlines
27:03 Chain Barding Armor
28:24 Iron Casting
31:45 Wheelbarrow
31:05 Fletching
36:39 Hand Cart
36:36 Bow Saw
36:26 Heavy Plow
39:03 Stone Mining
43:02 Imperial Age
40:20 Town Watch
40:39 Bodkin Arrow
44:24 Plate Barding Armor
44:50 Blast Furnace
43:11 Cavalier
44:34 Paladin
Ragnarök
14:38 Feudal Age
12:54 Loom
18:45 Bloodlines
23:15 Forging
23:10 Scale Barding Armor
26:28 Fletching
28:56 Castle Age
27:57 Gold Mining
44:16 Bodkin Arrow
45:00 Iron Casting
44:48 Chain Barding Armor
44:28 Scale Mail Armor
44:29 Padded Archer Armor
Ora Viva
14:47 Feudal Age
19:00 Castle Age
17:15 Double-Bit Axe
18:28 Fletching
18:31 Gold Mining
19:09 Crossbowman
20:57 Bodkin Arrow
24:49 Loom
32:31 Bow Saw
33:20 Wheelbarrow
33:18 Horse Collar
34:39 Hand Cart
34:30 Stone Mining
39:07 Imperial Age
37:18 Ballistics
37:05 Padded Archer Armor
37:48 Thumb Ring
38:22 Heavy Plow
38:55 Leather Archer Armor
38:15 Arbalester
39:02 Bracer
40:26 Chemistry
40:47 Ring Archer Armor
41:23 Conscription
40:53 Town Watch
44:26 Gold Shaft Mining
44:26 Stone Shaft Mining
44:38 Forging
44:32 Squires
44:18 Arson
44:23 Elite Karambit Warrior
46:50 Iron Casting
45:38 Pikeman
47:03 Crop Rotation
46:14 Halberdier
50:02 Blast Furnace
50:04 Siege Engineers
50:10 Masonry
49:40 Treadmill Crane
Connection lost

Rejoining the realm…

Still unreachable

The connection could not be restored.

Session expired

The server has moved on; the page needs a fresh start.